cohdb
Replays
Latest Replays
All Replays
Popular Replays
Top Player Replays
Match Explorer
How It Works
Community
CoH3 Stats
Reddit
Sign in to upload your games and track your stats! →
Sign in with Steam
Match 45430382
Unlisted
Match 45430382
Overview
Messages
Build Orders
End
Vickers Machine Gun Team
Selects Australian Defense Battlegroup
Selects Australian Light Infantry Section
Royal Engineer Section
Australian Light Infantry Section
Australian Light Infantry Section
Construct Section Command Post
ML 3-inch Mortar Team
Construct Platoon Command Post
Selects Defensive Tactics
Selects Hold the Line!
Selects CMP 15cwt Supply Run
Selects Reinforced Resource Caches
Infantry Section
Grenade Package
Hold the Line!
Construct Field Infirmary
Hold the Line!
Selects Charged Creeping Barrage
Unlock M3 Stuart Light Tanks
M3 Stuart Light Tank
M3 Stuart Light Tank
AI Takeover
Valkyria
影子
Agent Smith
Robin Da Hood
0
0
Comments
sign in to comment!
No comments posted yet!